 Dungeon Crawl Stone Soup version 0.22.0-38-g04b72b8 (webtiles) character file.

2241 leisz the Digger (level 9, -7/54 HPs)
             Began as a Gargoyle Earth Elementalist on Aug 28, 2018.
             Was a Believer of Nemelex Xobeh.
             Engulfed by a cloud of freezing vapour (19 damage)
             ... on level 6 of the Dungeon on Aug 29, 2018.
             The game lasted 00:27:37 (7775 turns).

leisz the Digger (Gargoyle Earth Elementalist)      Turns: 7775, Time: 00:27:38

Health: -7/54      AC: 14    Str: 16    XL:     9   Next: 36%
Magic:  16/16      EV: 11    Int: 19    God:    Nemelex Xobeh [**....]
Gold:   322        SH:  4    Dex: 10    Spells: 14/18 levels left

rFire    + . .     SeeInvis .   b - +2 flail (crush)
rCold    . . .     Gourm    .   k - +0 buckler
rNeg     + . .     Faith    .   C - +0 ring mail
rPois    ∞         Spirit   .   A - +2 hat
rElec    +         Reflect  .   (no cloak)
rCorr    .         Harm     .   (no gloves)
MR       .....                  (no boots)
Stlth    +.........             (no amulet)
HPRegen  0.18/turn              y - +4 ring of strength
MPRegen  0.15/turn              w - ring of protection from fire

@: no status effects
A: negative energy resistance 1, electricity resistance, unbreathing,
petrification resistance, rot immunity, AC +6
a: Renounce Religion


You were on level 6 of the Dungeon.
You worshipped Nemelex Xobeh.
Nemelex Xobeh was pleased with you.
You were hungry.

You visited 1 branch of the dungeon, and saw 6 of its levels.

You collected 322 gold pieces.

Inventory:

Hand Weapons
 a - a +2 hunting sling of velocity
 b - a +2 flail of crushing (weapon)
 r - a +0 flail
 t - a +0 hunting sling
 D - a +0 flail of protection
Missiles
 s - 32 sling bullets
 z - 81 stones (quivered)
Armour
 c - a +0 robe
 k - a +0 buckler (worn)
 n - a +0 leather armour
 x - a +2 chain mail of fire resistance
 A - a +2 hat (worn)
 C - a +0 ring mail (worn)
Jewellery
 w - a ring of protection from fire (right hand)
 y - a +4 ring of strength (left hand)
 N - a +3 ring of evasion
Wands
 v - a wand of enslavement (4)
 I - a wand of paralysis (18)
 L - a wand of iceblast (9)
Scrolls
 f - 4 scrolls of identify
 h - 2 scrolls of teleportation {unknown}
 i - 5 scrolls of remove curse
 j - 2 scrolls of blinking {unknown}
 l - 2 scrolls of immolation {unknown}
 o - 3 scrolls of fear {unknown}
 p - 2 scrolls of noise {unknown}
 u - a scroll of amnesia {unknown}
 F - a scroll of fog {unknown}
 G - a scroll of random uselessness {unknown}
Potions
 e - 2 potions of heal wounds {unknown}
 g - 3 potions of curing {unknown}
 B - 2 potions of haste
 J - a potion of agility
 K - 2 potions of brilliance {unknown}
Miscellaneous
 m - a plain deck of destruction {drawn: 2}
 q - a plain deck of escape
 E - an ornate deck of destruction
 H - a plain deck of escape
Comestibles
 d - 6 rations


   Skills:
 + Level 5.3 Fighting
 + Level 4.3 Maces & Flails
 + Level 5.6 Armour
 - Level 1.5 Dodging
 - Level 2.1 Stealth
 - Level 4.0 Shields
 + Level 5.1 Spellcasting
 + Level 1.9 Conjurations
   Level 0.7 Transmutations
 + Level 7.1 Earth Magic


You had 14 spell levels left.
You knew the following spells:

 Your Spells              Type           Power        Failure   Level  Hunger
a - Sandblast             Erth           ####..       1%          1    None
b - Stone Arrow           Conj/Erth      ###...       11%         3    ##.....

Your spell library contained the following spells:

 Spells                   Type           Power        Failure   Level  Hunger
 Passwall                 Tmut/Erth      ###.....     7%          2    #......
 Sting                    Conj/Pois      #...         14%         1    None
 Poisonous Vapours        Pois/Air       #.....       32%         2    #......
 Lee's Rapid Deconstruct  Erth           ####......   32%         5    ######.
 Petrify                  Tmut/Erth      ###.....     41%         4    ####...
 Mephitic Cloud           Conj/Pois/Air  #.......     45%         3    ##.....
 Olgreb's Toxic Radiance  Pois           #.......     91%         4    ####...
 Venom Bolt               Conj/Pois      #.........   99%         5    ######.


Dungeon Overview and Level Annotations

Branches:
Dungeon (6/15)
 Temple: D:4-7

Altars:
Ashenzari
Dithmenos
Elyvilon
Fedhas
Gozag
Hepliaklqana
Makhleb
Nemelex Xobeh
Qazlal
Wu Jian
Xom
Zin
The Shining One

Annotations:
D:3 2 transporters


Innate Abilities, Weirdness & Mutations

You are resistant to torment.
Your stone body is resilient. (AC +6)
You are immune to poison.
You resist negative energy. (rN+)
You are resistant to electric shocks. (rElec)
You can survive without breathing.
You are immune to petrification.
You are immune to rotting.


Message History

Really walk into that cloud of freezing vapour? [Y]es or [N]o only, please.
Really walk into that cloud of freezing vapour?
Okay, then.
Menkaure casts a spell.
Menkaure seems to speed up.
Menkaure calls on the powers of darkness!
Your body is wracked with pain!
You are engulfed in freezing vapours.
Menkaure is engulfed in freezing vapours. x2
You are engulfed in freezing vapours.
Menkaure is engulfed in freezing vapours.
Menkaure is engulfed in freezing vapours.
Menkaure is engulfed in freezing vapours.
Menkaure is destroyed!
You are engulfed in freezing vapours.
* * * LOW HITPOINT WARNING * * *
You are engulfed in freezing vapours.
You die...
Your body glows slightly and disappears.

# # ### # #.. # ###### ####.. #
##....###### #..... #
##..##......# #.....
########..########.# #....#
.............#.§§#.# #....#
##........##.#§#@#.##### #....#
##.#......##.#§#§#.#...##########
.#.#......##.#§#§#.#...........).
...#......##.#§#§#.#......#######
####......##.#§#§#.###..#........
....########.#§#§#.###..#..######
....# #.#§#§#...........>...
....# #.#§#§#####..##.......
....# #.#.#.## #..##..#####


There were no monsters in sight!

Vanquished Creatures
  Sigmund (D:4)
  A wyvern (D:6)
  A sky beast (D:5)
  2 ice beasts
  2 phantoms
  2 ogres
  A centaur (D:5)
  A crocodile (D:6)
  A bullfrog (D:6)
  A scorpion (D:6)
  A howler monkey (D:6)
  A bullfrog zombie (D:5)
  2 crimson imps (D:6)
  3 hounds
  A gnoll shaman (D:5)
  A jelly (D:5)
  7 orc priests
  A bullfrog skeleton (D:4)
  3 orc wizards
  Terence (D:2)
  2 iguanas
  Ijyb (D:5)
  2 worker ants (D:4)
  A hound zombie (D:5)
  Robin (D:6)
  6 adders
  7 gnolls (D:5)
  2 oozes (D:3)
  An adder zombie (D:5)
  An adder skeleton (D:6)
  2 worms
  A dart slug (D:1)
  8 leopard geckos
  26 orcs
  2 ball pythons
  4 giant cockroaches
  12 goblins
  9 hobgoblins
  6 jackals
  7 bats
  4 frilled lizards
  10 kobolds
  5 rats
154 creatures vanquished.

Vanquished Creatures (others)
  Menkaure (D:6)
  A plant (D:5)
2 creatures vanquished.

Grand Total: 156 creatures vanquished

Notes
Turn   | Place    | Note
-------+----------+-------------------------------------------
     0 | D:1      | leisz the Gargoyle Earth Elementalist began the quest for the Orb.
     0 | D:1      | Reached XP level 1. HP: 10/10 MP: 3/3
   416 | D:1      | Reached XP level 2. HP: 13/16 MP: 5/5
   830 | D:1      | Reached skill level 1 in Fighting
   830 | D:1      | Reached skill level 1 in Armour
   996 | D:1      | Reached skill level 4 in Earth Magic
  1049 | D:1      | Reached XP level 3. HP: 19/20 MP: 4/6
  1399 | D:2      | Found a sparkling altar of Nemelex Xobeh.
  1419 | D:2      | Became a worshipper of Nemelex Xobeh the Trickster
  1975 | D:2      | Found a bloodstained altar of Trog.
  1977 | D:2      | Found an opulent altar of Gozag.
  1977 | D:2      | Found a bloodstained altar of Trog.
  1979 | D:2      | Found a blossoming altar of Fedhas.
  1979 | D:2      | Found a shadowy altar of Dithmenos.
  1979 | D:2      | Found a shimmering altar of Xom.
  2054 | D:2      | Received a gift from Nemelex Xobeh
  2179 | D:2      | Reached XP level 4. HP: 25/26 MP: 5/7
  2180 | D:2      | Noticed Terence
  2204 | D:2      | Killed Terence
  2539 | D:2      | Reached XP level 5. HP: 3/30 MP: 1/9
  3101 | D:3      | Reached skill level 1 in Maces & Flails
  3107 | D:3      | Reached skill level 1 in Shields
  3107 | D:3      | Reached XP level 6. HP: 31/36 MP: 6/10
  3344 | D:3      | Reached skill level 5 in Earth Magic
  3479 | D:3      | Reached * piety under Nemelex Xobeh
  3479 | D:3      | Found a transporter.
  3648 | D:3      | Found a transporter.
  3651 | D:3      | Received a gift from Nemelex Xobeh
  3888 | D:3      | Found a burning altar of Makhleb.
  3942 | D:3      | Found a faded altar of an unknown god.
  4287 | D:4      | Noticed Sigmund
  4486 | D:4      | Reached XP level 7. HP: 41/41 MP: 12/12
  4685 | D:4      | Killed Sigmund
  5073 | D:4      | Reached XP level 8. HP: 48/48 MP: 13/13
  5490 | D:4      | Received a gift from Nemelex Xobeh
  5607 | D:5      | Entered Level 5 of the Dungeon
  5686 | D:5      | Found a stormy altar of Qazlal.
  5708 | D:5      | Found a hazy altar of Hepliaklqana.
  5757 | D:5      | Reached skill level 6 in Earth Magic
  6180 | D:5      | Found a white marble altar of Elyvilon.
  6183 | D:5      | Found a glowing silver altar of Zin.
  6319 | D:5      | Reached ** piety under Nemelex Xobeh
  6390 | D:5      | Noticed Ijyb
  6398 | D:5      | Killed Ijyb
  6417 | D:5      | Found a shattered altar of Ashenzari.
  6488 | D:5      | Found a glowing golden altar of the Shining One.
  6723 | D:6      | Noticed a wyvern
  6729 | D:6      | Killed a wyvern
  6729 | D:6      | Reached skill level 5 in Armour
  6729 | D:6      | Reached XP level 9. HP: 36/53 MP: 12/16
  6831 | D:6      | Learned a level 3 spell: Stone Arrow
  6852 | D:6      | Received a gift from Nemelex Xobeh
  6852 | D:6      | Noticed Robin
  6858 | D:6      | Killed Robin
  6868 | D:6      | Reached skill level 5 in Fighting
  6940 | D:6      | Reached skill level 1 in Conjurations
  7318 | D:6      | Found an ornate altar of the Wu Jian Council.
  7387 | D:6      | Reached skill level 5 in Spellcasting
  7387 | D:6      | Reached skill level 7 in Earth Magic
  7747 | D:6      | Noticed Menkaure
  7766 | D:6      | Killed Menkaure
  7775 | D:6      | Engulfed by a cloud of freezing vapour

Skill      XL: |  1  2  3  4  5  6  7  8  9 |
---------------+----------------------------+-----
Fighting       | 1 2 3 4 5 |  5.3
Armour         | 1 2 3 4 5 |  5.6
Earth Magic    | 4 5 6 7 |  7.1
Spellcasting   | 3 4 5 |  5.1
Maces & Flails | 1 2 3 4 |  4.3
Shields        | 1 2 3 4 |  4.0
Conjurations   | 1 |  1.9
Dodging        | |  1.5
Stealth        | |  2.1
Transmutations | |  0.7

Action                   |  1- 3 |  4- 6 |  7- 9 || total
-------------------------+-------+-------+-------++-------
Melee: Club              |    93 |       |       ||    93
       Unarmed           |    10 |       |       ||    10
       Short sword       |    15 |     9 |       ||    24
       Mace              |       |    73 |       ||    73
       Flail             |       |    38 |   169 ||   207
       Hunting sling     |       |       |     2 ||     2
 Fire: Hunting sling     |       |     8 |    90 ||    98
Throw: Stone             |       |       |     9 ||     9
 Cast: Sandblast         |    24 |    65 |    40 ||   129
Evoke: Deck              |       |       |     2 ||     2
  Use: Potion            |     1 |     1 |     1 ||     3
       Scroll            |     3 |     1 |       ||     4
 Stab: Sleeping          |     3 |       |     1 ||     4
  Eat: Chunk             |     1 |     3 |     1 ||     5
       Ration            |     1 |     2 |     2 ||     5
Armor: Robe              |    18 |       |       ||    18
       Leather armour    |    50 |    33 |       ||    83
       Ring mail         |       |    34 |   137 ||   171
Dodge: Dodged            |    88 |    72 |   122 ||   282
Block: Buckler           |     4 |    20 |    51 ||    75
